 Dungeon Crawl Stone Soup version 0.29-a0-72-g1732ff48e7 (webtiles) character file.

Game seed: 6655075016243501006

4 fragbeetle the Poker (level 1, 0/17 HPs)
             Began as a Ghoul Gladiator on Feb 3, 2022.
             Slain by a hobgoblin (2 damage)
             ... on level 1 of the Dungeon.
             The game lasted 00:00:21 (145 turns).

fragbeetle the Poker (Ghoul Gladiator)               Turns: 145, Time: 00:00:22

Health: 0/17       AC:  4    Str: 17    XL:     1   Next: 60%
Magic:  0/0        EV: 12    Int:  3    God:
Gold:   13         SH:  0    Dex: 10    Spells: 0/0 levels left

rFire   . . .      SeeInvis .   a - +0 trident
rCold   + . .      Faith    .   (no shield)
rNeg    + + +      Spirit   .   b - +0 leather armour
rPois   ∞          Reflect  .   c - +0 helmet
rElec   .          Harm     .   (no cloak)
rCorr   .          Rampage  .   (no gloves)
Will    .....                   (no boots)
Stlth   +.........              (no amulet)
HPRegen 0.00/turn               (no ring)
MPRegen 0.07/turn               (no ring)

@: inhibited regen
A: claws 1, cold resistance 1, negative energy resistance 3, inhibited
regeneration, torment resistance 2
a: no special abilities


You were on level 1 of the Dungeon.
You visited 1 branch of the dungeon, and saw 1 of its levels.

You collected 13 gold pieces.

Inventory:

Hand Weapons
 a - a +0 trident (weapon)
Missiles
 d - 3 throwing nets (quivered)
Armour
 b - a +0 leather armour (worn)
 c - a +0 helmet (worn)


   Skills:
 + Level 2.2 Fighting
 * Level 2.8 Polearms
 + Level 1.8 Throwing
 + Level 2.7 Dodging


You couldn't memorise any spells.
You didn't know any spells.
Your spell library was empty.

Dungeon Overview and Level Annotations

Branches:
Dungeon (1/15)

Altars:


Innate Abilities, Weirdness & Mutations

You thrive by killing the living.
You are immune to poison.
You have sharp fingernails.
Your flesh is cold resistant. (rC+)
You are immune to negative energy. (rN+++)
You do not regenerate when monsters are visible.
You are immune to unholy pain and torment.


Message History

The hobgoblin hits you. The bat completely misses you.
The hobgoblin hits you but does no damage.
You barely miss the hobgoblin.
The hobgoblin is heavily wounded.
The bat barely misses you.
A rat comes into view.
The hobgoblin hits you but does no damage.
You barely miss the hobgoblin.
The hobgoblin is heavily wounded.
The bat barely misses you.
The kobold throws a stone.
The stone hits you. The hobgoblin hits you.
You barely miss the hobgoblin.
The hobgoblin is heavily wounded.
The bat misses you. The hobgoblin hits you.
You are too injured to fight recklessly!
You are too injured to fight recklessly!
You are too injured to fight recklessly!
You are too injured to fight recklessly!
The kobold barely misses you. The bat barely misses you.
The kobold barely misses you. The bat misses you.
The bat hits you but does no damage.
The bat hits you but does no damage. x2; The bat hits you.
The kobold throws a stone.
The stone barely misses you. The bat hits you but does no damage.
The bat hits you. The bat completely misses you.
The bat hits you but does no damage. The bat hits you but does no damage.
The bat barely misses you. The bat hits you but does no damage.
The bat hits you but does no damage. The hobgoblin hits you.
* * * LOW HITPOINT WARNING * * *
The bat hits you.
* * * LOW HITPOINT WARNING * * *
You hit the hobgoblin but do no damage.
The hobgoblin is heavily wounded.
The hobgoblin hits you.
* * * LOW HITPOINT WARNING * * *
The hobgoblin hits you.
You die...

#.##........##
#....#####r..#
...?>......#.##
......#.......#
........####..#
........####..#
......rb##....#
......#g##.##.# ..
......#@##.##.# #..
#...#.#.......# #..
#####.####.#### #..
########.# #.# #.#
#.....##.####.# #.##
#.###.........#
...####.###.##.######
..........#.##.#
...####.#......#


You could see a hobgoblin, a bat and a rat.

Vanquished Creatures
  A giant cockroach (D:1)
  A kobold (D:1)
  A goblin (D:1)
  A rat (D:1)
4 creatures vanquished.

Notes
Turn   | Place    | Note
-------+----------+-------------------------------------------
     0 | D:1      | fragbeetle the Ghoul Gladiator began the quest for the Orb.
     0 | D:1      | Reached XP level 1. HP: 17/17 MP: 0/0
   145 | D:1      | Slain by a hobgoblin

Illustrated notes

Levels and vault maps discovered:
D:1:      psy_arrival_conway, layout_loops_cross

Action                   || total
-------------------------++-------
Melee: Trident           ||    18
Armor: Leather armour    ||    15
Dodge: Dodged            ||    16

Table legend: (Time is in decaauts)
 A = Elapsed time spent in this place.
 B = Non-inter-level travel time spent in this place.
 C = Inter-level travel time spent in this place.
 D = Time resting spent in this place.
 E = Time spent auto-exploring this place.
 F = Levels seen in this place.
 G = Mean time per level.
                   A        B        C        D        E       F      G
               +--------+--------+--------+--------+--------+-----+--------+
         Total |    149 |    149 |      0 |      0 |    104 |   1 |  149.0 |
       Dungeon |    149 |    149 |      0 |      0 |    104 |   1 |  149.0 |
               +--------+--------+--------+--------+--------+-----+--------+

Top non-repeatable levels by time:
     D:1: 149 daAuts
